Map: Artillería pesada EE

Players

Jephph

  • Race: Protoss Protoss
  • League: Silver
  • Spawn Location: 7:00

Ichigo

  • Race: Protoss Protoss
  • Spawn Location: 7:00

MrFercho - Winner!

  • Race: Zerg Zerg
  • League: Gold
  • Spawn Location: 1:00

TATORREA - Winner!

  • Race: Protoss Protoss
  • League: Gold
  • Spawn Location: 3:00

VOD

Have the link to the VOD?

Description

Time

  • Played on: Aug. 13, 2020, 9:49 p.m.
  • Length: 16:18
Show
View Real Time Build Order
Export as new Build Order

Jephph Protoss 

Build Orders:  

Get SALT Encoding   

  12  0:01  Probe  
  13  0:19  Pylon  
  13  0:28  Probe  
  14  0:37  Gateway  
  14  0:42  Assimilator  
  14  0:45  Probe (Chrono Boost)  
  15  0:53  Probe (Chrono Boost)  
  16  0:59  Probe  
  17  1:11  Pylon  
  16  1:28  Cybernetics Core  
  16  1:30  Gateway  
  16  1:31  Probe  
  17  1:38  Assimilator  
  17  1:43  Probe  
  18  1:53  Zealot  
  20  1:58  Forge  
  20  2:00  Probe (Chrono Boost)  
  21  2:05  Warp Gate (Chrono Boost)  
  21  2:12  Probe (Chrono Boost)  
  22  2:19  Probe (Chrono Boost)  
  23  2:32  Twilight Council  
  23  2:38  Pylon  
  23  2:56  Stalker, Probe  
  26  3:00  Stalker  
  28  3:07  Pylon  
  28  3:16  Probe  
  29  3:26  Robotics Facility  
  29  3:29  Probe  
  30  3:35  Stalker  
  30  3:36  Stalker  
  34  3:45  Pylon  
  34  3:54  Probe  
  35  4:20  Photon Cannon  
  35  4:28  Shield Battery, Probe (Chrono Boost)  
  34  4:32  Nexus  
  34  4:35  Assimilator  
  35  4:38  Observer (Chrono Boost)  
  35  4:40  Probe (Chrono Boost)  
  35  4:44  Charge  
  36  4:47  Probe (Chrono Boost)  
  37  4:53  Photon Cannon, Observer (Chrono Boost)  
  38  5:07  Zealot x2  
  38  5:11  Observer  
  42  5:25  Gateway, Photon Cannon  
  42  5:35  Stalker  
  38  5:51  Stalker  
  38  5:55  Probe  
  41  6:03  Gateway  
  41  6:13  Zealot  
  41  6:15  Protoss Ground Weapons Level 1  
  41  6:16  Probe  
  45  6:18  Probe  
  45  6:29  Pylon, Probe  
  45  6:32  Probe  
  47  6:38  Stalker  
  49  6:40  Zealot  
  49  6:41  Probe  
  49  6:44  Probe  
  53  6:59  Sentry x2  
  53  7:00  Sentry  
  59  7:05  Pylon  
  59  7:08  Pylon  
  59  7:13  Probe x2  
  61  7:21  Pylon  
  61  7:25  Photon Cannon  
  61  7:30  Photon Cannon  
  61  7:33  Probe x2  
  61  7:36  Immortal  
  67  7:37  Assimilator  
  67  7:45  Probe  
  68  7:54  Stalker  
  68  7:55  Stalker x2  
  68  7:56  Zealot  
  68  7:57  Probe  
  77  8:10  Probe x2  
  75  8:32  Stalker x4  
  75  8:33  Probe x2  
  77  8:37  Pylon  
  77  8:39  Gateway  
  71  8:48  Dark Shrine  
  71  8:49  Pylon  
  69  8:56  Sentry x2  
  69  8:58  Stalker x2  
  69  9:00  Probe  
  78  9:08  Probe  
  79  9:31  Probe x2  
  81  9:43  Probe  
  81  9:45  Stargate  
  82  9:51  Gateway  
  82  9:52  Protoss Ground Armor Level 1  
  82  9:55  Templar Archives  
  82  9:57  Pylon  
  82  10:19  Robotics Bay  
  82  10:21  Photon Cannon  
  82  10:26  Nexus  
  82  10:28  Photon Cannon, Pylon  
  82  10:32  Zealot x3  
  82  10:33  Pylon, Zealot  
  90  10:41  Assimilator  
  90  11:01  Photon Cannon  
  90  11:03  Photon Cannon  
  90  11:05  Photon Cannon, Colossus  
  96  11:14  Photon Cannon  
  96  11:17  Gateway  
  96  11:19  Stalker x2  
  96  11:20  Zealot  
  100  11:47  Stalker  
  100  11:48  Stalker x3  
  108  11:55  Probe  
  108  11:58  Photon Cannon  
  108  12:00  Shield Battery  
  109  12:07  Probe  
  110  12:10  Probe  
  110  12:11  Probe  
  112  12:16  Robotics Facility  
  112  12:19  Probe  
  99  12:30  Dark Templar x3  
  99  12:31  Probe  
  88  12:38  Zealot  
  88  12:44  Probe  
  59  12:47  Void Ray  
  59  12:48  Probe  
  59  12:50  Pylon  
  45  13:20  Probe  
  45  13:21  Probe  
  45  13:22  Probe  
  48  13:31  Assimilator  
  48  13:33  Probe x2  
  50  13:34  Probe  
  51  13:46  Dark Shrine, Probe  
  52  13:57  Probe  
  52  14:00  Probe  
  54  14:09  Pylon, Colossus (Chrono Boost)  
  54  14:11  Pylon  
  54  14:12  Probe  
  54  14:13  Probe  
  61  14:33  Zealot x2  
  61  14:34  Zealot  
  50  14:54  Pylon  
  50  14:56  Gateway  
  50  15:05  Stalker x4  
  50  15:06  Stalker  
  57  15:32  Dark Templar x2  
  47  15:46  Pylon  
  47  15:56  Forge  
  47  15:59  Pylon  
Show
View Real Time Build Order
Export as new Build Order

Ichigo Protoss 

Build Orders: Oracle Opening 

Get SALT Encoding   

  12  0:01  Probe  
  13  0:13  Probe  
  14  0:21  Pylon  
  14  0:25  Probe  
  15  0:42  Gateway  
  15  0:48  Probe (Chrono Boost)  
  16  0:55  Assimilator  
  17  0:57  Probe (Chrono Boost)  
  17  1:06  Gateway  
  17  1:09  Pylon  
  17  1:10  Probe (Chrono Boost)  
  18  1:22  Probe (Chrono Boost)  
  19  1:30  Probe (Chrono Boost)  
  20  1:36  Probe  
  20  1:48  Probe  
  20  1:49  Cybernetics Core  
  21  1:54  Assimilator  
  21  1:58  Pylon  
  21  2:00  Probe  
  22  2:12  Probe  
  23  2:25  Warp Gate, Probe  
  23  2:27  Stalker  
  23  2:28  Stalker  
  29  2:37  Probe  
  29  2:48  Nexus  
  29  2:50  Probe (Chrono Boost)  
  30  3:02  Probe (Chrono Boost)  
  30  3:04  Stargate  
  31  3:08  Sentry  
  33  3:14  Stalker  
  33  3:18  Pylon  
  35  3:21  Probe  
  36  3:36  Probe  
  36  3:38  Stalker  
  39  3:46  Pylon  
  39  3:51  Oracle  
  42  3:56  Assimilator  
  42  3:59  Probe x2  
  44  4:05  Assimilator  
  44  4:11  Probe x2  
  46  4:28  Probe x2 (Chrono Boost)  
  48  4:32  Oracle  
  51  4:41  Probe (Chrono Boost)  
  53  4:46  Probe (Chrono Boost)  
  53  4:48  Stalker  
  53  4:49  Stalker, Probe (Chrono Boost)  
  58  4:53  Probe (Chrono Boost)  
  59  5:01  Stargate  
  59  5:03  Pylon  
  41  6:01  Probe x2  
  43  6:13  Probe x2  
  45  6:25  Probe (Chrono Boost)  
  43  6:31  Probe (Chrono Boost)  
  44  6:35  Forge  
  44  6:36  Probe (Chrono Boost)  
  46  6:43  Probe x2 (Chrono Boost)  
  46  6:44  Pylon  
  46  6:45  Stalker x2  
  51  6:48  Probe (Chrono Boost)  
  51  6:50  Probe  
  51  7:00  Probe  
  52  7:01  Phoenix  
  52  7:02  Probe  
  52  7:04  Phoenix  
  57  7:13  Probe (Chrono Boost)  
  59  7:20  Probe (Chrono Boost)  
  60  7:23  Probe (Chrono Boost)  
  60  7:26  Phoenix  
  60  7:27  Probe (Chrono Boost)  
  60  7:28  Probe (Chrono Boost)  
  60  7:29  Phoenix  
  65  7:36  Gateway  
  66  7:38  Probe  
  66  7:41  Photon Cannon  
  67  7:44  Protoss Air Weapons Level 1, Photon Cannon, Stalker  
  67  7:45  Stalker  
  71  7:57  Phoenix x2  
  71  7:58  Gateway  
  75  8:04  Robotics Facility  
  75  8:06  Protoss Ground Weapons Level 1  
  75  8:07  Pylon  
  75  8:10  Pylon  
  75  8:11  Probe x2  
  77  8:23  Probe x2  
  68  8:59  Phoenix x2  
  72  9:03  Immortal  
  76  9:25  Gateway  
  76  9:29  Gateway  
  76  9:33  Robotics Facility  
  76  9:35  Pylon  
  76  9:37  Pylon  
  76  9:42  Phoenix  
  76  9:43  Phoenix  
  80  9:46  Nexus  
  80  9:47  Observer  
  81  9:54  Pylon  
  81  9:56  Pylon  
  81  9:59  Assimilator  
  81  10:03  Assimilator  
  81  10:09  Phoenix x2  
  85  10:18  Protoss Shields Level 1  
  85  10:24  Twilight Council  
  85  10:30  Immortal  
  85  10:34  Phoenix x2  
  93  10:37  Observer  
  94  10:47  Probe x2  
  96  10:50  Stalker  
  96  10:51  Stalker  
  96  10:52  Stalker x2  
  104  10:59  Probe x2  
  107  11:18  Observer  
  107  11:19  Warp Prism  
  107  11:24  Stalker  
  107  11:25  Stalker  
  113  11:26  Stalker x2  
  113  11:27  Stalker  
  113  11:28  Stalker  
  95  13:06  Stalker x2  
  95  13:07  Zealot x2  
  95  13:08  Stalker, Zealot  
  77  13:45  Stalker x2  
  77  13:46  Stalker x2  
  77  13:47  Stalker  
  87  13:52  Fleet Beacon  
  73  14:45  Zealot x2  
  71  14:46  Stalker, Zealot x2  
  71  14:48  Zealot  
  39  15:16  Stalker x2  
  39  15:17  Stalker x3  
  39  15:18  Stalker  
  26  15:46  Stalker x2  
  26  15:47  Stalker, Zealot  
  17  16:04  Probe (Chrono Boost)  
  17  16:09  Probe (Chrono Boost)  
Show
View Real Time Build Order
Export as new Build Order

MrFercho Zerg - Winner!

Build Orders: Pool First 

Get SALT Encoding   

  12  0:18  Spawning Pool  
  11  0:22  Drone  
  11  0:26  Drone  
  13  0:36  Overlord  
  13  0:40  Drone  
  14  0:55  Drone x2  
  16  1:06  Zergling x2  
  17  1:11  Queen  
  19  1:20  Zergling x2  
  20  1:35  Zergling x2  
  21  1:50  Overlord  
  21  1:51  Zergling x2  
  22  2:08  Overlord  
  22  2:13  Extractor, Drone  
  22  2:28  Hatchery  
  21  2:37  Drone x3  
  21  2:40  Drone  
  25  3:01  Zergling x8  
  29  3:14  Overlord  
  29  3:26  Drone  
  30  3:32  Queen  
  32  3:35  Metabolic Boost  
  32  3:40  Queen  
  34  3:42  Overlord  
  34  3:43  Zergling x8  
  38  3:52  Zergling x4  
  35  4:34  Zergling x14  
  42  4:42  Baneling Nest  
  42  4:43  Drone  
  42  4:45  Evolution Chamber  
  41  4:55  Zergling x4  
  37  5:18  Spore Crawler  
  37  5:21  Drone x10, Spore Crawler  
  37  5:41  Lair  
  37  5:49  Baneling x3  
  37  5:50  Baneling x6  
  37  5:56  Zergling x2  
  40  5:57  Zergling x16  
  46  6:07  Drone x2  
  46  6:08  Drone x2  
  46  6:10  Extractor  
  49  6:12  Extractor  
  48  6:28  Zerg Melee Weapons Level 1  
  36  7:00  Zergling x10  
  36  7:01  Zergling x12  
  46  7:05  Drone  
  46  7:06  Drone  
  48  7:09  Drone x4  
  52  7:34  Drone x6  
  58  7:38  Overlord, Drone  
  58  7:43  Baneling  
  58  7:44  Baneling x9  
  59  7:57  Hydralisk Den  
  58  8:15  Zergling x20  
  58  8:18  Overlord, Hatchery  
  46  9:09  Drone x12  
  58  9:13  Zerg Missile Weapons Level 1  
  58  9:15  Muscular Augments  
  58  9:43  Drone  
  58  9:44  Drone x9  
  68  9:46  Extractor  
  68  9:47  Extractor  
  66  9:57  Hatchery  
  65  10:00  Hatchery  
  65  10:01  Hatchery  
  65  10:03  Infestation Pit  
  62  10:09  Spire  
  61  10:26  Grooved Spines  
  61  10:40  Drone x3  
  61  10:41  Drone x2  
  61  10:42  Overlord x2, Drone  
  67  10:43  Overlord x4  
  67  10:44  Queen  
  69  10:57  Hydralisk x5  
  75  11:33  Zergling x36  
  93  11:51  Hive  
  93  11:52  Evolution Chamber  
  92  11:54  Hydralisk x11  
  92  11:55  Hydralisk  
  100  12:29  Overseer x2  
  93  12:33  Zerg Missile Weapons Level 2  
  93  12:35  Zerg Ground Armor Level 1  
  82  12:41  Drone x4  
  82  12:42  Drone x8  
  85  13:01  Hydralisk x14  
  85  13:02  Hydralisk x2  
  113  13:19  Drone x5  
  111  13:20  Drone x3  
  111  13:22  Drone x2  
  111  13:25  Drone x3  
  111  13:26  Drone  
  116  13:47  Overlord x4  
  116  13:48  Overlord  
  116  13:54  Zergling x22  
  116  13:55  Zergling x8  
  131  13:59  Pneumatized Carapace  
  131  14:02  Spore Crawler  
  130  14:13  Greater Spire  
  128  14:21  Extractor, Lurker Den  
  128  14:23  Hydralisk x7  
  138  14:32  Baneling x6  
  138  14:33  Baneling x5  
  124  14:52  Spore Crawler  
  121  14:54  Spore Crawler  
  121  14:56  Spore Crawler  
  116  15:04  Zergling x2  
  116  15:05  Zergling x24  
  124  15:31  Hydralisk x2  
  124  15:32  Hydralisk x4  
  124  15:53  Mutalisk  
  124  15:54  Mutalisk x3  
Show
View Real Time Build Order
Export as new Build Order

TATORREA Protoss - Winner!

Build Orders:  

Get SALT Encoding   

  12  0:04  Probe  
  13  0:16  Probe  
  14  0:28  Pylon, Probe  
  15  0:46  Probe  
  16  0:53  Gateway x2  
  16  0:58  Probe  
  17  1:08  Assimilator  
  17  1:10  Probe  
  18  1:15  Pylon  
  18  1:17  Assimilator  
  18  1:36  Probe  
  19  1:49  Probe  
  20  2:01  Probe (Chrono Boost)  
  21  2:03  Cybernetics Core  
  21  2:05  Pylon  
  21  2:12  Probe (Chrono Boost)  
  22  2:19  Probe (Chrono Boost)  
  23  2:24  Gateway  
  23  2:49  Twilight Council  
  23  2:57  Nexus  
  23  3:05  Pylon  
  23  3:07  Warp Gate  
  23  3:13  Adept  
  23  3:14  Adept  
  23  3:19  Resonating Glaives (Chrono Boost)  
  27  3:21  Adept  
  29  3:43  Adept  
  29  3:44  Adept  
  33  3:51  Adept  
  35  4:15  Probe x2  
  37  4:22  Pylon  
  37  4:27  Probe x2  
  37  4:28  Pylon  
  39  4:40  Probe x2  
  41  4:47  Gateway  
  41  4:49  Gateway  
  41  4:52  Probe x2  
  43  5:04  Probe x2  
  45  5:20  Stalker  
  45  5:21  Stalker x2  
  51  5:23  Probe x2  
  51  5:35  Probe x2  
  47  5:45  Stalker x2  
  47  5:47  Stalker x2, Probe x2  
  53  5:59  Probe x2  
  53  6:03  Assimilator  
  55  6:05  Assimilator  
  55  6:07  Stalker  
  58  6:11  Probe x2  
  58  6:24  Stalker  
  58  6:25  Stalker x3  
  63  6:29  Probe  
  63  6:30  Probe  
  65  6:40  Stalker  
  67  6:48  Charge  
  67  6:50  Probe x2  
  69  7:02  Probe x2  
  71  7:21  Pylon, Nexus  
  71  7:25  Pylon  
  71  7:31  Stalker x2  
  71  7:32  Stalker  
  77  7:39  Gateway  
  77  7:40  Sentry  
  77  7:41  Sentry  
  77  7:42  Gateway  
  77  7:43  Gateway  
  81  7:46  Gateway  
  81  7:49  Probe  
  81  7:50  Probe  
  83  7:56  Forge  
  83  8:01  Probe  
  83  8:02  Probe  
  85  8:06  Pylon  
  85  8:09  Pylon  
  85  8:14  Probe x2  
  83  8:34  Pylon  
  83  8:38  Pylon  
  75  8:42  Pylon  
  65  8:49  Pylon  
  65  8:52  Pylon  
  55  8:57  Stalker x5  
  55  8:58  Stalker x4  
  55  9:01  Probe x3  
  72  9:11  Forge  
  72  9:13  Probe x3  
  72  9:15  Robotics Facility  
  75  9:19  Assimilator, Forge  
  75  9:22  Assimilator, Zealot  
  75  9:23  Zealot  
  79  9:24  Sentry  
  79  9:27  Zealot  
  79  9:30  Zealot  
  85  9:33  Zealot  
  85  9:37  Zealot  
  89  9:39  Zealot  
  89  9:43  Zealot  
  93  9:46  Zealot  
  93  9:47  Zealot  
  93  9:50  Zealot  
  99  9:53  Zealot  
  99  9:55  Zealot  
  99  9:59  Zealot  
  105  10:01  Zealot  
  105  10:06  Zealot x2  
  111  10:11  Protoss Ground Armor Level 1 (Chrono Boost), Protoss Ground Weapons Level 1 (Chrono Boost)  
  111  10:12  Protoss Shields Level 1 (Chrono Boost)  
  111  10:25  Immortal (Chrono Boost), Blink (Chrono Boost)  
  115  10:32  Templar Archives  
  115  10:47  Zealot x3  
  115  10:48  Zealot  
  123  10:50  Sentry  
  123  10:53  Zealot  
  123  10:56  Immortal (Chrono Boost)  
  131  11:20  Zealot, Nexus  
  131  11:21  Zealot x3  
  131  11:22  Pylon  
  131  11:23  Pylon  
  135  11:55  Probe x3  
  135  11:58  Zealot x5  
  135  11:59  Zealot x4  
  156  12:02  Immortal  
  156  12:07  Probe  
  149  12:31  Protoss Shields Level 2 (Chrono Boost), Protoss Ground Armor Level 2 (Chrono Boost), Protoss Ground Weapons Level 2 (Chrono Boost)  
  137  12:37  High Templar x4  
  137  12:38  High Templar x3  
  137  12:39  High Templar x2  
  137  12:42  Observer  
  130  12:47  Probe x4  
  130  12:50  Archon x4  
  110  12:59  Probe x2  
  110  13:03  Assimilator  
  106  13:10  Assimilator, Zealot x2  
  106  13:11  Zealot x2  
  106  13:12  Zealot x3  
  104  13:13  Zealot x2  
  108  13:34  Stalker x4  
  112  13:35  Stalker x3  
  112  13:36  Stalker x2  
  126  13:54  Probe  
  126  13:55  Probe x3  
  130  14:03  Stalker x2  
  130  14:04  Stalker x3  
  130  14:05  Stalker x3  
  130  14:06  Probe  
  130  14:07  Probe  
  141  14:25  Stalker  
  141  14:26  Stalker  
  141  14:27  Stalker x4  
  141  14:28  Stalker x2  
  141  14:29  Stalker  
  156  15:11  Stalker  
  156  15:12  Stalker x5  
  156  15:13  Stalker x2  
  156  15:14  Stalker  
  174  15:33  Immortal  
  178  15:40  Photon Cannon  
  178  15:44  Photon Cannon  
  178  15:46  Photon Cannon  
  176  16:05  Photon Cannon  
  176  16:10  Photon Cannon  
Tags
 
Add a new tag
Caveats
  • Supply blocks, unpowered buildings, or Contaminate may cause inaccurate times.
  • Supply counts are checked every 10 seconds.